 Dungeon Crawl Stone Soup version 0.28-a0-1435-g82390b3a13 (webtiles) character file.

Game seed: 8418829325691217399

161 ytrimaz the Insei (level 5, -5/34 HPs)
             Began as an Octopode Transmuter on Jan 9, 2022.
             Slain by an iguana (13 damage)
             ... on level 4 of the Dungeon.
             The game lasted 00:03:26 (3380 turns).

ytrimaz the Insei (Octopode Transmuter)             Turns: 3380, Time: 00:03:26

Health: -5/34      AC:  1    Str:  9    XL:     5   Next: 42%
Magic:  9/9        EV: 13    Int: 17    God:
Gold:   75         SH:  0    Dex: 13    Spells: 0/10 levels left

rFire   . . .      SeeInvis .     - Unarmed
rCold   . . .      Faith    .   (no shield)
rNeg    . . .      Spirit   .   (helmet currently unavailable)
rPois   .          Reflect  .   (no amulet)
rElec   .          Harm     .   (no ring)
rCorr   .          Rampage  .   (no ring)
Will    .....                   (no ring)
Stlth   ++........              (no ring)
HPRegen 0.11/turn               (no ring)
MPRegen 0.11/turn               (no ring)
                                (no ring)
                                (no ring)

@: appendages
A: tentacle spike 3, almost no armour, amphibious, 8 rings, camouflage 1,
gelatinous body 1, (nimble swimmer 1), tentacles
a: End Transformation


You were on level 4 of the Dungeon.
One of your tentacles had grown a beastly spike.
You visited 1 branch of the dungeon, and saw 4 of its levels.

You collected 75 gold pieces.

Inventory:

Wands
 e - a wand of acid (5)
Scrolls
 a - a scroll of teleportation
 c - 2 scrolls of silence
Potions
 b - a potion of cancellation {unknown}
 d - a potion of invisibility {unknown}


   Skills:
 * Level 1.9 Fighting
 - Level 2.4 Dodging
 + Level 3.7 Unarmed Combat
 * Level 3.1 Spellcasting
 * Level 3.0 Transmutations
 * Level 1.4 Poison Magic


You couldn't memorise any spells.
You knew the following spells:

 Your Spells              Type           Power      Damage    Failure   Level
a - Beastly Appendage     Tmut           26%        N/A       4%          1
b - Wereblood             Tmut           13%        N/A       8%          2
c - Spider Form           Tmut/Pois      10%        N/A       21%         3
d - Ice Form              Ice/Tmut       7%         N/A       67%         4

Your spell library contained the following spells:

 Spells                   Type           Power      Damage    Failure   Level
 Freeze                   Ice            8%         1d3       17%         1
 Confusing Touch          Hex            2%         N/A       45%         3
 Yara's Violent Unravell  Hex/Tmut       3%         3d4       95%         5
 Enfeeble                 Hex            1%         N/A       100%        7


Dungeon Overview and Level Annotations

Branches:
Dungeon (4/15)
 Temple: D:4-7

Altars:
Nemelex Xobeh
Xom

Shops:
D:2 [

Annotations:
D:3 exclusion: ogre
D:4 exclusion: ogre


Innate Abilities, Weirdness & Mutations

One of your tentacles has grown a beastly spike.
You cannot wear most types of armour.
You are amphibious.
You can wear up to eight rings at the same time.
Your skin changes colour to match your surroundings (Stealth+).
Your rubbery body absorbs attacks. (AC +1, EV +1)
((You are camouflaged when in or above water. (Stealth+)))
You have tentacles for arms and can constrict up to eight enemies at once.


Message History

You kill the quokka!
You see here a quokka corpse.
Your transformation is almost over.
You open the door.
There is an open door here.
Your tentacle spike disappears.
An iguana comes into view.
An iguana is nearby!
An iguana is nearby!
One of your tentacles grows a vicious spike.
A hound comes into view.
The hound barks!
The iguana hisses angrily.
The iguana closely misses you.
You completely miss the iguana. Your grab misses the iguana.
You squeeze the iguana.
The iguana is lightly wounded.
The hound bites you. The iguana closely misses you.
You tentacle-slap the iguana but do no damage.
Your grab misses the iguana.
You pierce the iguana, but do no damage.
You tentacle-slap the iguana. Your squeeze misses the iguana.
The iguana is heavily wounded.
The hound closely misses you. The iguana bites you!
You tentacle-slap the iguana. You grab the iguana.
The iguana is severely wounded.
You constrict the iguana, but do no damage.
The hound bites you.
* * * LOW HITPOINT WARNING * * *
The hound misses you.
You tentacle-slap the iguana but do no damage.
You pierce the iguana, but do no damage.
The iguana is severely wounded.
You constrict the iguana. The iguana bites you.
* * * LOW HITPOINT WARNING * * *
The hound misses you.
You barely miss the iguana.
The iguana is severely wounded.
You constrict the iguana, but do no damage.
The hound barely misses you. The iguana bites you!
You die...

#########...###...###..###
##..##.#.....###...###..##
#.............#......#...#
#.............#.....<#...#
#####'########+#########...#
#..#.....##.....##.. #...#
#................... ....#
#............h...... ....#
#...........@l...... .....#
##...###+########### ##..##
##### #..#


You could see an iguana and a hound.

Vanquished Creatures
  A bullfrog skeleton (D:3)
  An orc priest (D:3)
  An orc wizard (D:3)
  2 adders
  An adder skeleton (D:4)
  A worm (D:2)
  4 orcs (D:3)
  6 ball pythons
  3 endoplasms
  A giant cockroach (D:3)
  4 goblins
  4 hobgoblins
  3 jackals (D:2)
  3 kobolds
  6 quokkas
  5 bats (D:1)
  2 frilled lizards (D:3)
  4 rats
52 creatures vanquished.

Notes
Turn   | Place    | Note
-------+----------+-------------------------------------------
     0 | D:1      | ytrimaz the Octopode Transmuter began the quest for the
                  | Orb.
     0 | D:1      | Reached XP level 1. HP: 13/13 MP: 3/3
   226 | D:1      | Found a faded altar of an unknown god.
   279 | D:1      | Got Plato's Guide on Ice
   341 | D:1      | Reached XP level 2. HP: 18/18 MP: 5/5
   347 | D:1      | Learned a level 2 spell: Wereblood
   850 | D:2      | Found Gesy's Armour Shoppe.
  1015 | D:2      | Reached XP level 3. HP: 15/23 MP: 4/6
  1022 | D:2      | Learned a level 3 spell: Spider Form
  1475 | D:2      | Identified the +8 hunting sling "Giant's Curse" {flame,
                  | Will+}
  1532 | D:2      | Found a shimmering altar of Xom.
  1745 | D:3      | Reached XP level 4. HP: 7/28 MP: 2/7
  1754 | D:3      | Reached skill level 1 in Poison Magic
  2277 | D:3      | Noticed an ogre
  2353 | D:3      | Identified the +2 robe of Hairiness {Str-3 Int+3 SInv}
  2495 | D:3      | Reached XP level 5. HP: 22/34 MP: 7/9
  3013 | D:3      | Found a sparkling altar of Nemelex Xobeh.
  3027 | D:3      | Learned a level 4 spell: Ice Form
  3208 | D:4      | Noticed an ogre
  3380 | D:4      | Slain by an iguana

Illustrated notes

Levels and vault maps discovered:
D:1:      saegor_arrival_simple_d, layout_rooms,
          shapermc_ecumenical_altar_rom_forum, chequers_serial_rivers_large_b
D:2:      layout_rooms, serial_shops, shop, basic_altar
D:3:      layout_basic, nemelex_xobeh_ov_fountains_minmay
D:4:      layout_gridville, uniq_blork_the_orc

Skill      XL: |  1  2  3  4  5 |
---------------+----------------+-----
Poison Magic   | 1 |  1.4
Spellcasting   | 3 |  3.1
Transmutations | 3 |  3.0
Fighting       | |  1.9
Dodging        | |  2.4
Unarmed Combat | |  3.7

Action                   |  1- 3 |  4- 6 || total
-------------------------+-------+-------++-------
Melee: Unarmed           |    78 |    47 ||   125
       Constrict         |    23 |    13 ||    36
       Tentacles         |    16 |    11 ||    27
       Kick              |    13 |    12 ||    25
       Punch             |     2 |     2 ||     4
 Cast: Beastly Appendage |    16 |    16 ||    32
       Spider Form       |     1 |       ||     1
       Wereblood         |     1 |       ||     1
  Use: Scroll            |     6 |     1 ||     7
       Potion            |     1 |     1 ||     2
 Stab: Sleeping          |     3 |     1 ||     4
Armor: Skin              |    11 |     3 ||    14
Dodge: Dodged            |    64 |    23 ||    87

Table legend: (Time is in decaauts)
 A = Elapsed time spent in this place.
 B = Non-inter-level travel time spent in this place.
 C = Inter-level travel time spent in this place.
 D = Time resting spent in this place.
 E = Time spent auto-exploring this place.
 F = Levels seen in this place.
 G = Mean time per level.
                   A        B        C        D        E       F      G
               +--------+--------+--------+--------+--------+-----+--------+
         Total |   3371 |   3224 |    147 |    686 |   2060 |   4 |  842.8 |
       Dungeon |   3371 |   3224 |    147 |    686 |   2060 |   4 |  842.8 |
               +--------+--------+--------+--------+--------+-----+--------+

Top non-repeatable levels by time:
     D:3: 1529 daAuts
     D:2: 841 daAuts
     D:1: 828 daAuts
     D:4: 171 daAuts
